 Dungeon Crawl Stone Soup version 0.24-a0-269-g32ec7ca (webtiles) character file.

Game seed: 3743470158730752055

201 Hasart the Cutter (level 6, -1/37 HPs)
             Began as a Kobold Gladiator on Apr 21, 2019.
             Slain by an orc wizard
             ... wielding a +0 dagger
              (2 damage)
             ... on level 3 of the Dungeon.
             The game lasted 00:04:32 (2439 turns).

Hasart the Cutter (Kobold Gladiator)                Turns: 2439, Time: 00:04:33

Health: -1/37      AC:  5    Str: 13    XL:     6   Next: 7%
Magic:  6/6        EV: 17    Int:  9    God:
Gold:   132        SH:  0    Dex: 17    Spells: 5/5 levels left

rFire    . . .     SeeInvis .   k - +3 dagger
rCold    . . .     Gourm    .   (shield restricted)
rNeg     . . .     Faith    .   b - +0 leather armour
rPois    .         Spirit   .   c - +0 helmet
rElec    .         Reflect  .   (no cloak)
rCorr    .         Harm     .   h - +0 pair of gloves
MR       .....                  (no boots)
Stlth    ++........             (no amulet)
HPRegen  0.12/turn              (no ring)
MPRegen  0.10/turn              (no ring)

@: no status effects
A: small, carnivore
a: no special abilities


You were on level 3 of the Dungeon.
You were completely stuffed.

You visited 1 branch of the dungeon, and saw 3 of its levels.

You collected 132 gold pieces.

Inventory:

Hand Weapons
 a - a +0 rapier
 k - a +3 dagger (weapon)
Missiles
 d - 3 throwing nets (quivered)
 n - 2 curare-tipped needles
Armour
 b - a +0 leather armour (worn)
 c - a +0 helmet (worn)
 h - a +0 pair of gloves (worn)
Scrolls
 e - 2 scrolls of enchant armour {unknown}
 g - 2 scrolls of remove curse {unknown}
 l - 2 scrolls of fear {unknown}
 m - a scroll of random uselessness {unknown}
 o - 2 scrolls of fog {unknown}
Potions
 i - a potion of might
Comestibles
 f - 3 rations
 p - a chunk of flesh


   Skills:
 + Level 3.4 Fighting
 * Level 6.0 Short Blades
 - Level 2.1 Throwing
 + Level 4.6 Dodging
 + Level 3.2 Stealth


You had 5 spell levels left.
You didn't know any spells.
Your spell library was empty.

Dungeon Overview and Level Annotations

Branches:
Dungeon (3/15)

Altars:
Uskayaw


Innate Abilities, Weirdness & Mutations

You are small and have problems with some larger weapons.
You are carnivorous and can eat meat at any time.


Message History

You feel very mighty all of a sudden.
The orc wizard hits you but does no damage.
The orc wizard barely misses you.
A puff of flame appears from out of thin air!
The puff of flame hits you but does no damage.
The orc wizard barely misses you.
You hear some strange, mumbled words.
You are confused.
The orc wizard hits you but does no damage.
Unknown command.
Unknown command.
It was a potion of cancellation.
Your magical effects are unravelling.
You feel magically purged.
You feel yourself speed up.
You feel less confused.
You feel a little less mighty now.
The orc wizard mumbles some strange words.
The orc wizard blinks!
The orc wizard hits you with a +0 dagger.
You die...

######...#####..........#
#. # #.....# ##.......####
#. # #.#...#.# #...o......#
#. # ##.....## #..#.##.##.#
#. # ##...## #....##.##)###
#. .. #......).))..# #. ...
#####..##.##รท#.# ##
.....##ooro.....##.#.######
.....o.o.#@........#.......
......##o##.##.############
......o..!...#.#
...o.o...##..#.#
#>##.###.##..#.# #
#.......# ###....## #...#
##.##


You could see 2 orc wizards, 2 orcs and a quokka.

Vanquished Creatures
  A centaur (D:3)
  4 adders (D:2)
  2 oozes
  4 dart slugs (D:2)
  5 orcs (D:3)
  A ball python (D:3)
  3 giant cockroaches
  8 hobgoblins
  4 jackals (D:2)
  10 kobolds
  2 quokkas (D:3)
  5 bats
  A frilled lizard (D:1)
  6 goblins
  A leopard gecko zombie (D:3)
  6 rats
63 creatures vanquished.

Notes
Turn   | Place    | Note
-------+----------+-------------------------------------------
     0 | D:1      | Hasart the Kobold Gladiator began the quest for the Orb.
     0 | D:1      | Reached XP level 1. HP: 12/12 MP: 1/1
    92 | D:1      | Reached XP level 2. HP: 14/18 MP: 2/2
   163 | D:1      | Reached skill level 1 in Stealth
   509 | D:1      | Reached XP level 3. HP: 18/22 MP: 3/3
  1040 | D:2      | Found a hide-covered altar of Uskayaw.
  1043 | D:2      | Noticed a +0 hand axe
  1044 | D:2      | Noticed a +0 dagger
  1077 | D:2      | Reached skill level 5 in Short Blades
  1077 | D:2      | Reached XP level 4. HP: 25/27 MP: 4/4
  1880 | D:3      | Noticed a centaur
  1898 | D:3      | Killed a centaur
  1898 | D:3      | Reached XP level 5. HP: 7/32 MP: 5/5
  2183 | D:3      | Reached skill level 6 in Short Blades
  2350 | D:3      | Reached XP level 6. HP: 37/37 MP: 6/6
  2437 | D:3      | HP: 1/37 [orc wizard/+0 dagger (3)]
  2439 | D:3      | Slain by an orc wizard

Levels and vault maps discovered:
D:1:      lightli_arrival_lavapool, layout_loops_ring
D:2:      layout_loops_ring, dancing_weapons_uskayaw, first_ration,
          serial_aquarium, aquarium_bridge_square [aquarium_subvault_bridge,
          aquarium_subvault_wall, aquarium_subvault_bridge,
          aquarium_subvault_wall], aquarium_window_corridor_1,
          aquarium_window_fake, aquarium_window_1, aquarium_window_2,
          aquarium_view_2c, minivault_26
D:3:      layout_loops_cross, nicolae_ru_great_annihilating_truth

Skill      XL: |  1  2  3  4  5 |
---------------+----------------+-----
Stealth        | 1 2 3 |  3.2
Dodging        | 4 |  4.6
Short Blades   | 5 6 |  6.0
Fighting       | 3 |  3.4
Throwing       | |  2.1

Action                   |  1- 3 |  4- 6 || total
-------------------------+-------+-------++-------
Melee: Rapier            |    64 |       ||    64
       Dagger            |     5 |   137 ||   142
  Use: Potion            |       |     2 ||     2
 Stab: Sleeping          |       |     3 ||     3
  Eat: Chunk             |     9 |     4 ||    13
Armor: Leather armour    |    13 |    29 ||    42
Dodge: Dodged            |    48 |    98 ||   146

Table legend:
 A = Non-vault XP
 B = Vault XP
 C = Vault XP percentage of total XP
 D = Non-vault monster count
 E = Vault monster count
 F = Vault count percentage of total count
                 A         B        C        D         E       F
            +---------+---------+-------+---------+---------+-------
      Total |     288 |       0 |   0.0 |      63 |       0 |   0.0
            +---------+---------+-------+---------+---------+-------
        D:1 |      29 |       0 |   0.0 |      17 |       0 |   0.0
        D:2 |      97 |       0 |   0.0 |      24 |       0 |   0.0
        D:3 |     162 |       0 |   0.0 |      22 |       0 |   0.0
            +---------+---------+-------+---------+---------+-------
